 Dungeon Crawl Stone Soup version 0.30.0-13-g156ef70053 (webtiles) character file.

Game seed: 4089731815493710982

161 hito the Magician (level 5, 0/35 (38) HPs)
             Began as a Mummy Reaver on May 17, 2023.
             Slain by an ufetubus (1 damage)
             ... on level 3 of the Dungeon.
             The game lasted 00:05:05 (1959 turns).

hito the Magician (Mummy Reaver)                    Turns: 1959, Time: 00:05:05

HP:   0/35 (38)     AC:  3    Str: 22    XL:     5   Next: 18%
MP:   2/12          EV: 11    Int: 14    God:
Gold: 143           SH:  0    Dex: 10    Spells: 7/13 levels left

rFire   x . .        a - +0 spear
rCold   + . .        (no shield)
rNeg    + + +        b - +0 leather armour
rPois   ∞            (no helmet)
rElec   .            (no cloak)
rCorr   .            (no gloves)
SInv    .            (no boots)
Will    .....        (no amulet)
Stlth   +            g - +6 ring of strength
HPRegen 0.25/turn    (no ring)
MPRegen 0.13/turn

%: faith
@: immotile, very slightly contaminated, drained
A: cold resistance 1, negative energy resistance 3, torment resistance 2, heat
vulnerability 1, in touch with death 1, no potions, faith
a: no special abilities


You were on level 3 of the Dungeon.
You visited 1 branch of the dungeon, and saw 4 of its levels.

You collected 143 gold pieces.

Inventory:

Hand Weapons
 a - a +0 spear (weapon)
 k - a +1 dagger of venom
Missiles
 d - 2 curare-tipped darts
Armour
 b - a +0 leather armour (worn)
Jewellery
 g - a +6 ring of strength (left hand)
Scrolls
 c - 2 scrolls of silence {unknown}
 e - 2 scrolls of magic mapping {unknown}
 f - a scroll of fear
 h - a scroll of identify
 i - a scroll of poison
 j - a scroll of summoning
 m - a scroll of enchant weapon


   Skills:
 - Level 2.0 Fighting
 - Level 2.4 Polearms
 - Level 1.5 Dodging
 + Level 4.6 Spellcasting
 + Level 3.5 Conjurations
 - Level 1.0 Translocations
 + Level 1.2 Ice Magic


You had 7 spell levels left.
You knew the following spells:

 Your Spells              Type           Power      Damage    Failure   Level
a - Kiss of Death         Conj/Necr      48%        2d9       10%         1
b - Momentum Strike       Conj/Tloc      18%        3d8       12%         2
c - Hailstorm             Conj/Ice       9%         3d4       24%         3

Your spell library contained the following spells:

 Spells                   Type           Power      Damage    Failure   Level
 Confusing Touch          Hex            3%         N/A       54%         3
 Summon Guardian Golem    Hex/Summ       3%         N/A       54%         3
 Dispel Undead            Necr           4%         3d7       91%         4
 Irradiate                Conj/Tmut      4%         3d13      95%         5
 Beastly Appendage        Tmut           Unusable   N/A       N/A         1

Dungeon Overview and Level Annotations

Branches:
Dungeon (4/15)
 Temple: D:4-7

Altars:
Ru

Annotations:
D:3 exclusion: downstairs


Innate Abilities, Weirdness & Mutations

You are immune to poison.
Your flesh is cold resistant. (rC+)
You are immune to negative energy. (rN+++)
You are immune to unholy pain and torment.
You are vulnerable to heat. (rF-)
You are in touch with the powers of death.
You do not drink.
You have a special connection with the divine. (Faith)


Message History

The ufetubus hits you but does no damage.
The hound bites you.
* * * LOW HITPOINT WARNING * * *
Unknown command.
Casting: Momentum Strike (safe; 13% risk of failure)
Confirm with . or Enter, or press ? or * to list all spells.
You cannot redirect your momentum while unable to move.
Unknown command.
Casting: Momentum Strike (safe; 13% risk of failure)
Confirm with . or Enter, or press ? or * to list all spells.
Aiming: Kiss of Death (safe; 11% risk of failure)
Press: ? - help, Shift-Dir - straight line, f/p - hound
Aim: a hound (heavily wounded, 100% to hit)
You feel a surge of power!
The negative energy hits the hound!
The hound is drained!
You kill the hound!
You feel drained.
The ufetubus hits you but does no damage. x2
The ufetubus hits you.
* * * LOW HITPOINT WARNING * * *
The ufetubus barely misses you.
You have reached level 5!
You feel stronger.
You can't drink.
Reach: a) +0 spear
Press: ? - help, Dir - move target, f - ufetubus
Aim: an ufetubus (about 58% to evade your +0 spear)
Okay, then.
You barely miss the ufetubus. The ufetubus barely misses you.
The ufetubus hits you but does no damage.
You hit the ufetubus.
The ufetubus is heavily wounded.
The ufetubus hits you.
* * * LOW HITPOINT WARNING * * *
The ufetubus closely misses you. The ufetubus misses you.
The ufetubus barely misses you.
You miss the ufetubus.
The ufetubus is heavily wounded.
The ufetubus hits you.
You die...

...........#...................#
...........#...........###.....#
.........###...........##...####
.....##.## #..............###
.....##.## #............###
.........####.............#######
.....#.................##....##..
...............†..##..######.....
.....#...#......@5###.# ###...
##.....##.............#########..
#..##......##....................
..........###.#######.#########..
..###.#.### #.....# #.# #..
..........# ########### #..
..........# ####PP.PP# ###
..........###.P#.P..P#
............#...P._PP#


You could see an ufetubus.

Vanquished Creatures
  A scorpion (D:3)
  A hound (D:3)
  An adder (D:1)
  2 dart slugs
  An orc (D:2)
  2 bats (D:2)
  4 endoplasms
  2 giant cockroaches
  8 goblins
  4 hobgoblins
  4 jackals (D:2)
  2 quokkas
  5 ball pythons
  6 frilled lizards
  6 kobolds
  5 rats
54 creatures vanquished.

Notes
Turn   | Place    | Note
-------+----------+-------------------------------------------
     0 | D:1      | hito the Mummy Reaver began the quest for the Orb.
     0 | D:1      | Reached XP level 1. HP: 16/16 MP: 4/4
    84 | D:1      | Reached skill level 3 in Spellcasting
   116 | D:1      | Reached XP level 2. HP: 22/22 MP: 6/6
   119 | D:1      | Learned a level 2 spell: Momentum Strike
   854 | D:2      | Gained mutation: You are in touch with the powers of death.
                  | [Mummy growth]
   854 | D:2      | Reached XP level 3. HP: 3/27 MP: 5/8
  1044 | D:1      | Reached skill level 1 in Translocations
  1356 | D:3      | Got the Disquisition on Friendly Transmutation
  1424 | D:2      | Reached skill level 4 in Spellcasting
  1522 | D:3      | Reached XP level 4. HP: 31/33 MP: 10/10
  1526 | D:3      | Learned a level 3 spell: Hailstorm
  1678 | D:3      | Found a sacrificial altar of Ru.
  1875 | D:4      | Noticed an ogre
  1879 | D:4      | Noticed a scorpion
  1926 | D:3      | Killed a scorpion
  1927 | D:3      | Reached skill level 1 in Ice Magic
  1956 | D:3      | HP: 1/27 [ufetubus (3)]
  1957 | D:3      | Reached XP level 5. HP: 1/35 MP: 1/12
  1959 | D:3      | Slain by an ufetubus

Illustrated notes

Levels and vault maps discovered:
D:1:      minmay_arrival_solitary_statue, layout_loops_ring
D:2:      layout_rooms
D:3:      layout_rooms, nicolae_ru_the_path_less_chosen
D:4:      layout_cave_pools, amcnicky_altar_gilded, glass_columns_a,
          st_stairs_12, amcnicky_mini_rare_corridor_liquid,
          kennysheep_flooded_box

Skill      XL: |  1  2  3  4 |
---------------+-------------+-----
Spellcasting   | 3 4 |  4.6
Conjurations   | 3 |  3.5
Translocations | 1 |  1.0
Ice Magic      | 1 |  1.2
Fighting       | |  2.0
Polearms       | |  2.4
Dodging        | |  1.5

Action                     |  1- 3 |  4- 6 || total
---------------------------+-------+-------++-------
  Melee: Spear             |   143 |    18 ||   161
         Punch             |       |     1 ||     1
   Cast: Momentum Strike   |     3 |     4 ||     7
         Kiss of Death     |       |     1 ||     1
    Use: Scroll            |       |     5 ||     5
 Armour: Leather armour    |    34 |     8 ||    42
  Dodge: Dodged            |    71 |    36 ||   107
